Map: 카탈리스트 - 래더

Players

PartinG - Winner!

  • Race: Protoss Protoss
  • League: Master
  • Spawn Location: 11:00

Patience

  • Race: Protoss Protoss
  • Spawn Location: 5:00

Event: HomeStory Cup XVII

VOD

Have the link to the VOD?

Description

Time

  • Played on: June 29, 2018, 12:01 p.m.
  • Length: 5:21

All games in this series

Show
View Real Time Build Order
Export as new Build Order

PartinG Protoss - Winner!

Build Orders:  

Get SALT Encoding   

  12  0:00  Probe  
  13  0:12  Probe  
  14  0:19  Pylon  
  14  0:25  Probe  
  15  0:35  Probe  
  15  0:37  Gateway  
  16  0:43  Probe  
  16  0:48  Assimilator  
  17  0:52  Probe  
  17  0:57  Assimilator  
  18  1:00  Probe  
  19  1:08  Gateway, Probe  
  20  1:20  Probe  
  21  1:26  Cybernetics Core  
  21  1:32  Probe  
  22  1:35  Pylon  
  22  1:44  Probe  
  22  1:45  Warp Gate  
  23  1:53  Pylon  
  23  1:59  Probe  
  24  2:02  Sentry, Stalker  
  28  2:28  Stalker  
  30  2:32  Stalker  
  32  2:37  Gateway  
  32  2:39  Gateway  
  32  3:00  Pylon  
  32  3:01  Stalker  
  32  3:05  Shield Battery  
  34  3:09  Stalker  
  36  3:19  Shield Battery  
  36  3:50  Stalker x4  
  44  4:02  Pylon  
  40  4:20  Stalker x3  
  42  4:26  Stalker  
  34  4:46  Stalker  
  34  4:47  Stalker x2  
  40  4:55  Stalker  
  40  5:11  Stalker x2  
  42  5:20  Stalker  
Show
View Real Time Build Order
Export as new Build Order

Patience Protoss 

Build Orders: Phoenix Opening 

Get SALT Encoding   

  12  0:00  Probe  
  13  0:12  Probe  
  14  0:18  Pylon  
  14  0:24  Probe  
  15  0:32  Probe  
  15  0:40  Gateway, Probe  
  16  0:46  Assimilator  
  17  0:51  Probe  
  17  0:55  Assimilator  
  18  0:59  Probe  
  19  1:07  Probe  
  19  1:08  Gateway  
  20  1:18  Probe  
  21  1:27  Cybernetics Core  
  21  1:30  Probe  
  22  1:36  Pylon  
  22  1:42  Probe  
  23  1:54  Probe  
  23  1:55  Warp Gate  
  24  2:03  Adept  
  24  2:04  Sentry  
  28  2:12  Pylon  
  28  2:21  Stargate  
  28  2:42  Nexus  
  27  2:54  Stalker  
  27  2:55  Stalker  
  27  2:57  Phoenix  
  33  3:25  Shield Battery  
  33  3:26  Shield Battery  
  33  3:27  Phoenix  
  33  3:47  Phoenix  
  35  4:00  Stalker  
  35  4:01  Stalker  
  39  4:23  Stalker  
  41  4:24  Phoenix, Shield Battery  
  39  4:37  Stalker  
  33  4:48  Stalker  
  31  5:02  Stalker  
  27  5:16  Stalker  
Tags
 
Add a new tag
Caveats
  • Supply blocks, unpowered buildings, or Contaminate may cause inaccurate times.
  • Supply counts are checked every 10 seconds.